 Dungeon Crawl Stone Soup version 0.21-a0-356-g45b0a09 (webtiles) character file.

155904 Ordine the Fencer (level 17, -2/104 HPs)
             Began as a Tengu Fighter on Oct 12, 2017.
             Was the Champion of Okawaru.
             Slain by a faun
             ... wielding a +0 club
             ... led by a satyr
              (21 damage)
             ... on level 3 of the Shoals.
             The game lasted 02:08:04 (29251 turns).

Ordine the Fencer (Tengu Fighter)                  Turns: 29251, Time: 02:08:05

Health: -2/104     AC: 16    Str: 20    XL:     17   Next: 66%
Magic:  25/25      EV: 21    Int: 15    God:    Okawaru [******]
Gold:   889        SH:  0    Dex: 19    Spells: 3/26 levels left

rFire    . . .     SeeInvis +   a - +12 demon blade of the Median {vamp, SInv}
rCold    . . .     Gourm    .   c - +0 shield
rNeg     . . .     Faith    .   C - +4 scale mail of Uramm {Dex+4 Slay+2}
rPois    .         Spirit   .   (helmet restricted)
rElec    .         Reflect  +   U - scarf {repulsion}
rCorr    .         Harm     .   t - +2 pair of gloves {Str+3}
MR       +....                  (boots unavailable)
Stlth    ..........             F - +5 amulet of reflection
HPRegen  0.27/turn              z - +5 ring of intelligence
MPRegen  0.19/turn              T - +3 ring of protection

@: confused, lethally poisoned (-2 -> -51), flying quickly and evasively, repel
missiles, quick
A: beak, talons 3, deformed body, dopey 1, weak 1, able to fly 2
a: Stop Flying, Heroism, Finesse, Renounce Religion


You were on level 3 of the Shoals.
You worshipped Okawaru.
Okawaru was exalted by your worship.
You were not hungry.

You visited 5 branches of the dungeon, and saw 27 of its levels.
You visited the Abyss 1 time.
You also visited: Labyrinth, Sewer and Volcano.

You collected 3532 gold pieces.
You spent 2643 gold pieces at shops.

Inventory:

Hand Weapons
 a - the +12 demon blade of the Median (weapon) {vamp, SInv}
   (You took it off a minotaur in a labyrinth)

   It inflicts no extra harm, but heals its wielder when it wounds a living foe.
   It lets you see invisible.
 p - the +8 demon blade "Bloodbane" {slice, *Rage +Rage Stlth-}
   (Okawaru gifted it to you in a labyrinth)

   It inflicts extra damage upon your enemies.
   It lets you go berserk.
   It may make you go berserk in combat.
   It makes you less stealthy.
 O - a +9 double sword of draining
Armour
 c - a +0 shield (worn)
 t - a +2 pair of gloves of strength (worn)
 C - the +4 scale mail of Uramm (worn) {Dex+4 Slay+2}
   (You bought it in a shop on level 2 of the Orcish Mines)

   It affects your dexterity (+4).
   It affects your accuracy and damage with ranged weapons and melee attacks
   (+2).
 U - a scarf of repulsion (worn)
Magical Staves
 b - an uncursed staff of energy
Jewellery
 u - an uncursed ring of protection from cold
 v - an uncursed ring of resist corrosion
 z - a +5 ring of intelligence (left hand)
 A - an uncursed ring of poison resistance
 F - a +5 amulet of reflection (around neck)
 T - a +3 ring of protection (right hand)
Wands
 h - a wand of iceblast (10/15)
 D - a wand of acid (7/15)
 J - a wand of lightning (4/15)
 K - a wand of disintegration (9/24)
 M - a wand of scattershot (5/9)
 Q - a wand of clouds (1/9)
 Y - a wand of digging (16/24)
Scrolls
 g - 8 scrolls of teleportation
 i - 9 scrolls of enchant armour
 j - 5 scrolls of blinking
 n - 5 scrolls of fear
 o - a scroll of magic mapping
 q - 2 scrolls of torment
 r - 2 scrolls of recharging
 w - 3 scrolls of identify
 x - 3 scrolls of enchant weapon
 y - 5 scrolls of fog
 B - 3 scrolls of amnesia
 G - 8 scrolls of immolation
 L - 3 scrolls of remove curse
 Z - a scroll of silence
Potions
 e - 3 potions of agility
 m - 5 potions of haste
 E - a potion of invisibility
 H - 4 potions of brilliance
 I - 2 potions of heal wounds
 N - a potion of curing
 R - 3 potions of resistance
 V - 5 potions of lignification
 X - 5 potions of might
Miscellaneous
 P - a sack of spiders
Comestibles
 d - 6 chunks of flesh
 f - 20 bread rations
 k - 9 meat rations
 l - 14 royal jellies
 s - 20 fruits


   Skills:
 - Level 11.0 Fighting
 - Level 15.0 Long Blades
 - Level 11.0 Armour
 - Level 11.0 Dodging
 + Level 13.1 Shields
 - Level 5.0 Spellcasting
 - Level 7.0 Translocations
 * Level 9.1 Air Magic
 - Level 10.0 Invocations
 - Level 10.0 Evocations


You had 3 spell levels left.
You knew the following spells:

 Your Spells              Type           Power        Failure   Level  Hunger
a - Apportation           Tloc           ###...       2%          1    None
b - Blink                 Tloc           N/A          4%          2    ##.....
c - Tornado               Air            ####......   100%        9    #######
d - Silence               Hex/Air        ###.......   91%         5    ######.
e - Deflect Missiles      Chrm/Air       ###.......   100%        6    #######


Dungeon Overview and Level Annotations

Branches:
Dungeon (15/15)            Temple (1/1) D:6            Lair (6/6) D:11
 Shoals (3/4) Lair:4        Snake (0/4) Lair:2        Slime (0/5) Lair:5
    Orc (2/2) D:10            Elf (0/3) Orc:2        Vaults (0/5) D:13
 Depths (0/5) D:15

Altars:
Ashenzari
Cheibriados
Dithmenos
Elyvilon
Fedhas
Gozag
Hepliaklqana
Kikubaaqudgha
Makhleb
Nemelex Xobeh
Okawaru
Qazlal
Ru
Sif Muna
Trog
Uskayaw
Vehumet
Wu Jian
Xom
Yredelemnul
Zin
The Shining One
Beogh

Shops:
D:4 ?   D:13 (   Orc:2 *:*[(   Shoals:1 =


Innate Abilities, Weirdness & Mutations

You have a beak for a mouth.
You have claws for feet.
You can fly continuously.
Armour fits poorly on your strangely shaped body.
You are dopey. (Int -2)
You are weak. (Str -2)


Message History

Unknown command.
You closely miss the faun. You claw the faun.
You peck the faun, but do no damage.
The faun is lightly wounded.
The faun completely misses you.
The satyr plays a lulling melody on his pipes!
You fall asleep.
The faun unwields an uncursed hunting sling.
The faun wields an uncursed spear.
The faun closely misses you.
The merfolk siren chants a haunting song.
You resist with almost no effort.
The faun hits you with a spear of venom!!!
You wake up.
Ouch! That really hurt!
* * * LOW HITPOINT WARNING * * *
You are lethally poisoned!
The faun unwields an uncursed hunting sling.
The faun wields an uncursed spear.
The faun completely misses you. The faun hits you with a club!!
You die...

.###.....##
.....≈....##
...≈..........##
...≈...>.?.....##
≈≈.......(.≈.(..##
≈≈..........≈.≈≈..
.≈..... #ccc.(..#.
.......###@c..≈≈..
≈..........c(.≈≈≈.
≈≈.....<.....≈....
≈≈###.......≈≈....
#..≈.......m..
....<....#.....
≈..............#.
≈≈..≈≈.......#.##
≈..≈.≈≈.....## .


You could see a satyr, 4 fauns and a merfolk siren.

Vanquished Creatures
  Jorgrun (Shoals:2)
  Frances (Shoals:2)
  Roxanne (Shoals:2)
  A frost giant (Shoals:2)
  An orc warlord (Orc:2)
  Louise (D:14)
  A cacodemon (Abyss:3)
  A draconian shifter (Abyss:3)
  5 dire elephants (Abyss:3)
  A red draconian (Volcano)
  A fire dragon (D:15)
  Snorg (D:10)
  Josephine (Shoals:1)
  A minotaur (Lab)
  Erolcha (D:12)
  Fannar (Lair:2)
  A naga warrior (D:9)
  An ice dragon (D:15)
  11 hydras
  2 merfolk avatars (Shoals:1)
  9 centaur warriors
  An ogre mage (Volcano)
  5 merfolk aquamancers (Shoals:1)
  8 two-headed ogres
  3 orc high priests (Orc:2)
  5 sea snakes
  A spatial maelstrom (Abyss:3)
  2 wizards
  An unseen horror (D:10)
  A glowing orange brain (Abyss:3)
  3 harpies (Shoals:1)
  2 deep elf magi
  A necromancer (D:13)
  5 orc knights
  20 ugly things
  8 fauns (Shoals:2)
  5 orc sorcerers (Orc:2)
  10 cyclopes
  6 oklob plants
  8 manticores
  7 centaur zombies
  A guardian serpent (shapeshifter) (D:13)
  4 merfolk sirens
  2 black mambas (Lair:3)
  21 elephants
  A centaur skeleton (D:13)
  Psyche (D:9)
  3 water nymphs (Shoals:2)
  A large abomination (Abyss:3)
  24 spiny frogs
  7 komodo dragons
  A rime drake (Lair:5)
  3 kobold demonologists (D:11)
  2 efreet
  10 trolls
  9 merfolk
  A queen bee (Lair:2)
  An ancient zyme (Abyss:3)
  2 polar bears
  5 tyrant leeches (Lair:6)
  2 wind drakes (Shoals:1)
  32 blink frogs
  A hornet (D:12)
  4 slime creatures
  3 snapping turtles
  A minotaur skeleton (Lab)
  Prince Ribbit (D:5)
  10 hippogriffs
  2 redbacks (Lab)
  A flying skull (Abyss:3)
  10 water elementals
  2 vampires
  A spriggan (D:7)
  4 wyverns
  3 wraiths (Shoals:1)
  44 yaks
  Eustachio (D:6)
  3 basilisks
  4 hungry ghosts
  A neqoxec (Abyss:3)
  12 vampire mosquitoes
  15 spatial vortices (Abyss:3)
  2 wargs (Orc:2)
  A soldier ant (D:12)
  An acid dragon (D:11)
  2 nagas (Lair:2)
  10 water moccasins
  6 porcupines
  Duvessa (D:6)
  38 orc warriors
  A swamp drake (D:11)
  2 black bears
  11 ogres
  2 sky beasts
  6 ice beasts
  2 hornet zombies
  3 phantoms
  4 eyes of draining
  8 wolves
  15 crocodiles
  22 centaurs
  Blork the orc (D:4)
  8 big kobolds
  24 bullfrogs
  Dowan (D:6)
  A wyvern zombie (D:12)
  A wyvern skeleton (D:9)
  6 scorpions
  A water moccasin skeleton (D:5)
  30 killer bees
  18 wights
  6 howler monkeys
  6 electric eels
  2 small abominations (Abyss:3)
  12 crimson imps
  2 bullfrog zombies
  24 orc priests
  4 jellies
  Crazy Yiuf (D:8)
  8 hounds
  30 orc wizards
  5 bullfrog skeletons
  Ijyb (D:4)
  4 iguanas
  14 worker ants
  2 hound skeletons
  A worker ant zombie (D:6)
  2 river rats (Sewer)
  17 adders
  2 white imps
  An ufetubus (D:15)
  4 oozes
  2 adder zombies (D:5)
  2 adder skeletons
  6 worms
  A dart slug (D:1)
  6 leopard geckos
  89 orcs
  5 ball pythons (Sewer)
  8 bats
  8 giant cockroaches
  5 goblins
  7 hobgoblins
  4 jackals (D:1)
  4 quokkas
  5 frilled lizards
  43 kobolds
  A leopard gecko skeleton (D:8)
  9 rats
  A spectral orc (D:3)
  2 plants (Lair:6)
986 creatures vanquished.

Vanquished Creatures (others)
  An alligator snapping turtle (Shoals:2)
  A centaur warrior (D:15)
  A satyr (Shoals:2)
  A centaur (D:15)
  An orc wizard (Orc:2)
  20 fungi
  55 plants
80 creatures vanquished.

Grand Total: 1066 creatures vanquished

Notes
Turn   | Place    | Note
-------+----------+-------------------------------------------
     0 | D:1      | Ordine the Tengu Fighter began the quest for the Orb.
     0 | D:1      | Reached XP level 1. HP: 14/14 MP: 2/2
    27 | D:1      | Reached XP level 2. HP: 13/19 MP: 3/3
   122 | D:1      | Reached skill level 3 in Long Blades
   262 | D:1      | Reached XP level 3. HP: 23/23 MP: 4/4
   429 | D:1      | Reached skill level 4 in Long Blades
   838 | D:2      | Reached XP level 4. HP: 25/28 MP: 5/5
  1090 | D:3      | Reached skill level 5 in Long Blades
  1103 | D:3      | Found a basalt altar of Yredelemnul.
  1149 | D:3      | Found a glowing drain.
  1169 | Sewer    | Entered a sewer
  1179 | Sewer    | Gained mutation: You can fly. [Tengu growth]
  1179 | Sewer    | Reached XP level 5. HP: 32/32 MP: 6/6
  1287 | Sewer    | Reached skill level 6 in Long Blades
  1529 | Sewer    | Noticed a big kobold
  1539 | Sewer    | Killed a big kobold
  1539 | Sewer    | Reached XP level 6. HP: 28/37 MP: 3/7
  1746 | Sewer    | Reached skill level 7 in Long Blades
  2327 | D:3      | Reached skill level 8 in Long Blades
  2327 | D:3      | Reached XP level 7. HP: 10/41 MP: 8/8
  2758 | D:4      | Noticed Blork the orc
  2767 | D:4      | Noticed Ijyb
  2769 | D:4      | Killed Blork the orc
  2777 | D:4      | Killed Ijyb
  2986 | D:4      | Found Bumpa's Magic Scroll Shoppe.
  2991 | D:4      | Bought a scroll of enchant weapon for 90 gold pieces
  2991 | D:4      | Bought a scroll of identify for 24 gold pieces
  2991 | D:4      | Bought a scroll of identify for 24 gold pieces
  3144 | D:5      | Entered Level 5 of the Dungeon
  3153 | D:5      | Reached skill level 9 in Long Blades
  3180 | D:5      | Found an iron altar of Okawaru.
  3192 | D:5      | Became a worshipper of Warmaster Okawaru
  3322 | D:5      | Found a runed door.
  3331 | D:5      | Found a runed door.
  3349 | D:5      | Noticed Prince Ribbit
  3547 | D:5      | Killed Prince Ribbit
  3547 | D:5      | Reached skill level 1 in Invocations
  3547 | D:5      | Reached XP level 8. HP: 18/47 MP: 9/9
  3832 | D:5      | Found a runed door.
  3918 | D:5      | Found a blossoming altar of Fedhas.
  4294 | D:5      | Reached * piety under Okawaru
  4375 | D:5      | Noticed Crazy Yiuf
  4477 | D:5      | Reached skill level 10 in Long Blades
  4802 | D:6      | Reached XP level 9. HP: 36/52 MP: 5/11
  5057 | D:6      | Found a stormy altar of Qazlal.
  5057 | D:6      | Noticed Duvessa
  5058 | D:6      | Noticed Dowan
  5058 | D:6      | Found a sparkling altar of Nemelex Xobeh.
  5090 | D:6      | Killed Duvessa
  5099 | D:6      | Killed Dowan
  5099 | D:6      | Reached ** piety under Okawaru
  5262 | D:6      | Found a hazy altar of Hepliaklqana.
  5262 | D:6      | Found a hide-covered altar of Uskayaw.
  5352 | D:6      | Reached skill level 5 in Fighting
  5352 | D:6      | Reached skill level 5 in Shields
  5368 | D:6      | Found a snail-covered altar of Cheibriados.
  5368 | D:6      | Found a burning altar of Makhleb.
  5368 | D:6      | Found a stormy altar of Qazlal.
  5368 | D:6      | Found a white marble altar of Elyvilon.
  5369 | D:6      | Found a deep blue altar of Sif Muna.
  5441 | D:6      | Found a staircase to the Ecumenical Temple.
  5441 | D:6      | Found a bloodstained altar of Trog.
  5441 | D:6      | Found an opulent altar of Gozag.
  5442 | D:6      | Found a sparkling altar of Nemelex Xobeh.
  5446 | Temple   | Entered the Ecumenical Temple
  5682 | D:6      | Found a glowing silver altar of Zin.
  5682 | D:6      | Found a radiant altar of Vehumet.
  5683 | D:6      | Found a sparkling altar of Nemelex Xobeh.
  5683 | D:6      | Found a burning altar of Makhleb.
  5894 | D:6      | Noticed Eustachio
  5922 | D:6      | Killed Eustachio
  6165 | D:6      | Reached skill level 11 in Long Blades
  6173 | D:6      | Found an ancient bone altar of Kikubaaqudgha.
  6955 | D:7      | Reached skill level 1 in Dodging
  6962 | D:7      | Reached skill level 1 in Evocations
  7112 | D:7      | Reached XP level 10. HP: 8/60 MP: 12/14
  7823 | D:8      | Reached *** piety under Okawaru
  7990 | D:8      | Found a burning altar of Makhleb.
  8114 | D:8      | Killed Crazy Yiuf
  9131 | D:9      | Reached **** piety under Okawaru
  9131 | D:9      | Reached skill level 12 in Long Blades
  9281 | D:9      | Found a shimmering altar of Xom.
  9304 | D:9      | Noticed a centaur warrior
  9375 | D:9      | Reached skill level 5 in Armour
  9520 | D:9      | Noticed a centaur warrior
  9532 | D:9      | Found a large runed door.
  9532 | D:9      | Found a large runed door.
  9915 | D:10     | Entered Level 10 of the Dungeon
 10103 | D:10     | Reached ***** piety under Okawaru
 10103 | D:10     | Reached XP level 11. HP: 47/66 MP: 15/15
 10230 | D:10     | Reached skill level 5 in Invocations
 10296 | D:10     | Learned a level 1 spell: Apportation
 10446 | D:10     | Found a staircase to the Orcish Mines.
 10594 | D:10     | Noticed Snorg
 10594 | D:10     | Noticed Psyche
 10627 | D:9      | Killed Psyche
 10688 | D:10     | Killed Snorg
 10835 | D:10     | Noticed a two-headed ogre
 10840 | D:10     | Killed a two-headed ogre
 10889 | D:10     | Received a gift from Okawaru
 10895 | D:10     | Got a dazzling falchion {god gift}
 10896 | D:10     | Identified the +6 falchion "Ylutiha" {flame, rPois rF++ Str-2 Int+2} (Okawaru gifted it to you on level 10 of the Dungeon)
 10959 | D:10     | Noticed a centaur warrior
 10987 | D:10     | Killed a centaur warrior
 10991 | D:10     | Killed an unseen horror
 11000 | D:10     | Noticed a red ugly thing
 11004 | D:10     | Killed a red ugly thing
 11004 | D:10     | Reached skill level 13 in Long Blades
 11004 | D:10     | Reached skill level 5 in Dodging
 11604 | D:11     | Reached XP level 12. HP: 72/72 MP: 17/17
 11677 | D:11     | Found a basalt altar of Yredelemnul.
 11793 | D:11     | Received a gift from Okawaru
 11793 | D:11     | Reached skill level 5 in Evocations
 11941 | D:11     | Noticed a two-headed ogre
 11965 | D:11     | Killed a two-headed ogre
 12092 | D:11     | You are sucked into a shaft for 2 floors!
 12213 | D:13     | Noticed a centaur warrior
 12251 | D:13     | Killed a centaur warrior
 12594 | D:12     | Noticed Erolcha
 12610 | D:12     | Killed Erolcha
 12679 | D:12     | Received a gift from Okawaru
 12795 | D:12     | Reached skill level 14 in Long Blades
 13176 | D:11     | Reached XP level 13. HP: 78/78 MP: 14/19
 13222 | D:11     | Found a staircase to the Lair.
 13674 | D:12     | Reached skill level 1 in Translocations
 13798 | D:13     | Found a gate to the Vaults.
 13996 | D:13     | Found Edadoegg's Weapon Shoppe.
 14032 | D:13     | Found a shimmering altar of Xom.
 14312 | D:13     | Received a gift from Okawaru
 14384 | D:13     | Found a shimmering altar of Xom.
 14385 | D:13     | Found a shimmering altar of Xom.
 14562 | D:9      | Found an iron altar of Okawaru.
 14565 | D:9      | Found an iron altar of Okawaru.
 15030 | Lair:1   | Entered Level 1 of the Lair of Beasts
 15902 | Lair:2   | Found a staircase to the Snake Pit.
 16148 | Lair:2   | Received a gift from Okawaru
 16153 | Lair:2   | Got a transparent scimitar {god gift}
 16154 | Lair:2   | Identified the +7 scimitar of the Bear {chaos, Str+4 Int+3 SInv} (Okawaru gifted it to you on level 2 of the Lair of Beasts)
 16173 | Lair:2   | Noticed Fannar
 16184 | Lair:2   | Killed Fannar
 16184 | Lair:2   | Gained mutation: You can fly continuously. [Tengu growth]
 16184 | Lair:2   | Reached XP level 14. HP: 78/86 MP: 16/20
 16868 | Lair:3   | Reached ****** piety under Okawaru
 17060 | Lair:3   | Learned a level 2 spell: Blink
 17787 | Lair:4   | Received a gift from Okawaru
 18079 | Lair:4   | Found a staircase to the Shoals.
 18447 | Lair:4   | Reached skill level 10 in Shields
 19438 | Lair:5   | Found a staircase to the Slime Pits.
 19442 | Lair:5   | Received a gift from Okawaru
 19759 | Lair:6   | Entered Level 6 of the Lair of Beasts
 19773 | Lair:6   | Found an iron altar of Okawaru.
 19893 | Lair:6   | Reached XP level 15. HP: 92/92 MP: 22/22
 19957 | Lair:6   | Found a dark tunnel.
 19986 | Volcano  | Entered a volcano
 20096 | Volcano  | Received a gift from Okawaru
 20096 | Volcano  | Reached skill level 10 in Fighting
 20097 | Volcano  | Found the +15 Maxwell's patent armour {-Cast -Tele rElec MR+ rCorr}
 20134 | Volcano  | Reached skill level 10 in Armour
 20726 | Lair:6   | Reached skill level 5 in Translocations
 21528 | D:14     | Reached skill level 1 in Spellcasting
 21595 | D:14     | Found a labyrinth entrance.
 21601 | Lab      | Entered a labyrinth
 21766 | Lab      | Received a gift from Okawaru
 21767 | Lab      | Found the +8 demon blade "Bloodbane" {slice, *Rage +Rage Stlth-}
 21779 | Lab      | Got a bloodstained demon blade {vamp}
 21780 | Lab      | Identified the +12 demon blade of the Median {vamp, SInv} (You took it off a minotaur in a labyrinth)
 21793 | Lab      | Got a pair of heavily runed gloves
 21804 | Lab      | Identified the +2 pair of gloves of the Sunfish {-Tele rN+ MR+ rCorr} (You found it in a labyrinth)
 21829 | D:14     | Reached skill level 15 in Long Blades
 22103 | D:14     | Noticed Louise
 22105 | D:14     | Cast into level 2 of the Abyss (Louise)
 22175 | Abyss:3  | Reached skill level 10 in Invocations
 22325 | Abyss:3  | Noticed a cacodemon
 22354 | Abyss:3  | Gained mutation: Armour fits poorly on your strangely shaped body. [a neqoxec]
 22364 | Abyss:3  | Noticed a black draconian shifter
 22365 | Abyss:3  | Noticed a hellephant
 22407 | Abyss:3  | Reached skill level 10 in Dodging
 22408 | Abyss:3  | Gained mutation: You are dopey. (Int -2) [a neqoxec]
 22412 | Abyss:3  | Gained mutation: You are weak. (Str -2) [a cacodemon]
 22412 | Abyss:3  | Killed a black draconian shifter
 22415 | Abyss:3  | Killed a cacodemon
 22433 | Abyss:3  | Reached XP level 16. HP: 78/97 MP: 15/24
 22473 | Abyss:3  | Found a corrupted altar of Lugonu.
 22473 | Abyss:3  | Noticed a hellephant
 22559 | Abyss:3  | Reached skill level 10 in Evocations
 22570 | Abyss:3  | Found a corrupted altar of Lugonu.
 22653 | Abyss:3  | Found a corrupted altar of Lugonu.
 22669 | D:14     | Escaped the Abyss
 22682 | D:14     | Killed Louise
 22682 | D:14     | Received a gift from Okawaru
 23301 | D:15     | Entered Level 15 of the Dungeon
 24170 | D:15     | Found a staircase to the Depths.
 24472 | D:15     | Received a gift from Okawaru
 24793 | D:15     | Received a gift from Okawaru
 25096 | Orc:1    | Entered Level 1 of the Orcish Mines
 25481 | Orc:1    | Found a roughly hewn altar of Beogh.
 25633 | Orc:2    | Entered Level 2 of the Orcish Mines
 25760 | Orc:2    | Found Itzar's General Store.
 25808 | Orc:2    | Bought a potion of lignification for 45 gold pieces
 25808 | Orc:2    | Bought a scroll of enchant armour for 112 gold pieces
 25808 | Orc:2    | Bought a scroll of enchant armour for 112 gold pieces
 25808 | Orc:2    | Bought a scroll of identify for 30 gold pieces
 25814 | Orc:2    | Found a staircase to the Elven Halls.
 26855 | Orc:2    | Found Gooso's General Store.
 26856 | Orc:2    | Found Ocsok's Book Boutique.
 26865 | Orc:2    | Found March's Antique Armour Shop.
 26865 | Orc:2    | Found Qyirizoq's Antique Weapon Shop.
 26869 | Orc:2    | Bought a steaming scale mail for 252 gold pieces
 26869 | Orc:2    | Bought a shimmering ring mail for 252 gold pieces
 26879 | Orc:2    | Identified the +4 scale mail of Uramm {Dex+4 Slay+2} (You bought it in a shop on level 2 of the Orcish Mines)
 26889 | Orc:2    | Identified the +4 ring mail of Polish {Stlth+} (You bought it in a shop on level 2 of the Orcish Mines)
 26911 | Orc:2    | Bought a potion of invisibility for 120 gold pieces
 26911 | Orc:2    | Bought 3 scrolls of immolation for 157 gold pieces
 26911 | Orc:2    | Bought a scroll of identify for 30 gold pieces
 26911 | Orc:2    | Bought a bread ration for 75 gold pieces
 26912 | Orc:2    | Bought a book of the Tempests for 770 gold pieces
 26912 | Orc:2    | Bought a book of Enchantments for 550 gold pieces
 26923 | Orc:2    | Learned a level 9 spell: Tornado
 26935 | Orc:2    | Learned a level 5 spell: Silence
 27333 | Shoals:1 | Entered Level 1 of the Shoals
 27399 | Shoals:1 | Reached skill level 1 in Air Magic
 27399 | Shoals:1 | Reached XP level 17. HP: 104/104 MP: 25/25
 27608 | Shoals:1 | Found Eryi's Jewellery Emporium.
 27705 | Shoals:1 | Noticed Josephine
 27714 | Shoals:1 | Killed Josephine
 27963 | Shoals:1 | Received a gift from Okawaru
 28163 | Shoals:2 | Reached skill level 5 in Air Magic
 28663 | Shoals:2 | Noticed Frances
 28677 | Shoals:2 | Killed Frances
 28778 | Shoals:2 | Reached skill level 5 in Spellcasting
 28994 | Shoals:2 | Noticed Jorgrun
 29016 | Shoals:2 | Killed Jorgrun
 29016 | Shoals:2 | Received a gift from Okawaru
 29108 | Shoals:2 | Noticed Roxanne
 29151 | Shoals:2 | Killed Roxanne
 29200 | Shoals:2 | Learned a level 6 spell: Deflect Missiles
 29251 | Shoals:3 | Slain by a faun

Vault maps used:
D:1:      roderic_dead_forest
D:3:      yredelemnul_forgotten_temple_becter, cheibrodos_sewer_entry_bend
D:4:      serial_shops, kennysheep_little_box, uniq_ijyb, uniq_blork_the_orc
D:5:      lemuel_insect_pit, okawaru_ov_weapons_minmay,
          lemuel_coloured_pillars_altar, first_bread, uniq_crazy_yiuf_cottage,
          uniq_prince_ribbit1
D:6:      lemuel_doored_altar, chequers_temple_overflow_statue_of_worship,
          temple_doors_ab, minmay_crystal_water, uniq_duvessa, uniq_eustachio
D:7:      st_stairs_7, the_bakery
D:8:      kennysheep_mini_moat
D:9:      okawaru_arena_lexackson, david_defended_altar_elf
D:10:     minmay_the_grid_square_5x5_3x3, orc_0_dummy, uniq_snorg, uniq_psyche,
          uniq_erolcha
D:11:     erik_lair_dragon, basic_altar, kennysheep_kite_vault
D:13:     david_vaults_1, serial_shops, shop, st_stairs_1, xom_shifter_show
D:14:     erik_rubicon_b, lab_entry_generic, small_statue_intersection,
          uniq_louise
D:15:     grunt_enter_depths_hoard, serial_ice, serial_ice_c, serial_ice_g,
          serial_ice_k, serial_ice_f
Temple:   oiseaux_autumnal_temple
Lair:1:   st_stairs_3
Lair:2:   guppyfry_snake_entry_island, special_room, lemuel_fruit_tree,
          uniq_fannar
Lair:3:   grunt_megastairs_3
Lair:4:   minmay_shoals_entry_hut
Lair:5:   minmay_slime_entry_oklob_open
Lair:6:   minmay_lair_end_frog_pond, enter_volcano_1, lemuel_oklob_altar
Shoals:1: serial_shops, nicolae_shop_waterfront, nicolae_shoals_aquamancer_cove,
          uniq_josephine
Shoals:2: st_shoals_ruin, uniq_frances, uniq_jorgrun, uniq_roxanne
Shoals:3: serial_shops, shop
Orc:1:    nicolae_orc_accident_2
Orc:2:    st_orc_congregation, serial_shops, nicolae_shop_behind_doors
Abyss:2:  serial_sigils_hangedman_shear
Abyss:3:  grunt_abyss_rune_wretched_hive, evilmike_abyss_exit_mutagenic
Lab:      labyrinth_watery, labyrinth_lava_lair, lab_hedge, nicolae_lab_grate,
          nicolae_lab_starburst, lab_block, lab_fountain, nicolae_lab_blocks
Sewer:    sewer_co_15_rooms
Volcano:  volcano_pools

Skill      XL: |  1  2  3  4  5  6  7  8  9 10 11 12 13 14 15 16 17 |
---------------+----------------------------------------------------+-----
Long Blades    | 3 4 5 6 8 9 10 11 12 13 14 15 | 15.0
Invocations    | 1 2 4 5 6 7 8 10 | 10.0
Fighting       | 4 5 6 7 8 9 10 11 | 11.0
Shields        | 4 5 6 7 8 9 10 11 12 13 | 13.1
Dodging        | 1 3 5 6 8 9 10 11 | 11.0
Evocations     | 1 3 4 6 7 8 9 10 | 10.0
Armour         | 4 5 6 7 8 9 10 11 | 11.0
Translocations | 2 4 5 7 |  7.0
Spellcasting   | 2 3 5 |  5.0
Air Magic      | 1 9 |  9.1

Action                   |  1- 3 |  4- 6 |  7- 9 | 10-12 | 13-15 | 16-18 || total
-------------------------+-------+-------+-------+-------+-------+-------++-------
Melee: Long sword        |    93 |   143 |   402 |   365 |       |       ||  1003
       Kick              |    26 |    41 |   112 |   304 |   442 |   429 ||  1354
       Peck              |    19 |    19 |    64 |   187 |   275 |   266 ||   830
       Falchion          |       |       |       |   437 |   255 |       ||   692
       Double sword      |       |       |       |       |   758 |       ||   758
       Demon blade       |       |       |       |       |    81 |   980 ||  1061
Invok: Heroism           |       |       |     3 |     8 |     5 |     5 ||    21
       Finesse           |       |       |       |     6 |     6 |     4 ||    16
 Abil: Fly               |       |     3 |     3 |    17 |     8 |       ||    31
Evoke: Wand              |       |       |       |     1 |    10 |     1 ||    12
  Use: Scroll            |     7 |     5 |     6 |    10 |    20 |     7 ||    55
       Potion            |       |       |    11 |     4 |     5 |     3 ||    23
 Stab: Sleeping          |       |       |       |       |     1 |       ||     1
  Eat: Chunk             |       |     6 |    10 |    22 |    23 |    15 ||    76
       Meat ration       |       |       |     1 |       |       |       ||     1
       Bread ration      |       |       |       |     1 |     3 |       ||     4
       Royal jelly       |       |       |       |       |       |     5 ||     5
Armor: Scale mail        |    21 |    29 |    17 |       |       |    28 ||    95
       Chain mail        |       |       |   133 |    36 |   240 |    94 ||   503
       Skin              |       |       |    62 |       |       |       ||    62
       Troll leather arm |       |       |       |   108 |    49 |       ||   157
Dodge: Dodged            |    18 |    23 |    70 |   310 |   395 |   281 ||  1097
       Deflected         |       |       |       |       |     8 |    17 ||    25
Block: Shield            |    45 |    60 |   185 |   369 |   532 |   542 ||  1733
       Reflection        |       |       |       |       |       |    47 ||    47
       Rpst.: Long sword |     6 |     8 |    21 |    34 |       |       ||    69
       Falchion          |       |       |       |    39 |    17 |       ||    56
       Double sword      |       |       |       |       |    76 |       ||    76
       Demon blade       |       |       |       |       |     9 |    59 ||    68

Table legend:
 A = Spawn XP
 B = Non-spawn XP
 C = Spawn XP percentage of total XP
 D = Spawn monster count
 E = Non-spawn monster count
 F = Spawn count percentage of total count
 G = Total turns spent on level
                    A         B        C        D         E        F      G
               +---------+---------+-------+---------+---------+-------+---------
         Total |    1839 |  220881 |   0.8 |       6 |     981 |   0.6 | 29251
               +---------+---------+-------+---------+---------+-------+---------
           D:1 |       0 |      47 |   0.0 |       0 |      30 |   0.0 |   619
           D:2 |       0 |      56 |   0.0 |       0 |      14 |   0.0 |   446
           D:3 |       0 |     136 |   0.0 |       0 |      26 |   0.0 |   975
           D:4 |       0 |     324 |   0.0 |       0 |      11 |   0.0 |   506
           D:5 |       0 |    1262 |   0.0 |       0 |      30 |   0.0 |  1696
           D:6 |       0 |    1302 |   0.0 |       0 |      25 |   0.0 |  1582
           D:7 |       0 |    1522 |   0.0 |       0 |      19 |   0.0 |  1184
           D:8 |       0 |    1057 |   0.0 |       0 |      18 |   0.0 |  1190
           D:9 |       0 |    6514 |   0.0 |       0 |      42 |   0.0 |  1330
          D:10 |       0 |    7827 |   0.0 |       0 |      44 |   0.0 |  1536
          D:11 |       0 |    7253 |   0.0 |       0 |      59 |   0.0 |  1363
          D:12 |       0 |    8349 |   0.0 |       0 |      50 |   0.0 |   995
          D:13 |       0 |    8808 |   0.0 |       0 |      36 |   0.0 |  1156
          D:14 |       0 |   11647 |   0.0 |       0 |      31 |   0.0 |  1389
          D:15 |       0 |   17678 |   0.0 |       0 |      44 |   0.0 |  1350
        Lair:1 |       0 |    6969 |   0.0 |       0 |      29 |   0.0 |   832
        Lair:2 |       0 |    6153 |   0.0 |       0 |      39 |   0.0 |   842
        Lair:3 |       0 |    8462 |   0.0 |       0 |      21 |   0.0 |   818
        Lair:4 |       0 |    8074 |   0.0 |       0 |      26 |   0.0 |  1445
        Lair:5 |       0 |    7513 |   0.0 |       0 |      23 |   0.0 |   907
        Lair:6 |       0 |   24176 |   0.0 |       0 |      87 |   0.0 |  1388
      Shoals:1 |       0 |   16748 |   0.0 |       0 |      32 |   0.0 |   814
      Shoals:2 |       0 |   27740 |   0.0 |       0 |      40 |   0.0 |  1097
         Orc:1 |       0 |    4063 |   0.0 |       0 |      54 |   0.0 |   708
         Orc:2 |       0 |   13685 |   0.0 |       0 |      87 |   0.0 |  1322
       Abyss:3 |    1839 |   15458 |  10.6 |       6 |      31 |  16.2 |   536
           Lab |       0 |    1988 |   0.0 |       0 |       5 |   0.0 |   222
         Sewer |       0 |     381 |   0.0 |       0 |      22 |   0.0 |   598
       Volcano |       0 |    5689 |   0.0 |       0 |       6 |   0.0 |   152
               +---------+---------+-------+---------+---------+-------+---------
